 Dungeon Crawl Stone Soup version 0.31-a0-538-gbc85326fa9 (webtiles) character file.

Game seed: 11128944022409267759

5746 quinnr the Zephyrmancer (level 10, -12/60 HPs)
             Began as a Tengu Air Elementalist on Aug 13, 2023.
             Was a Follower of Vehumet.
             Mangled by a freezing wraith (20 damage)
             ... on level 9 of the Dungeon on Aug 14, 2023.
             The game lasted 00:21:25 (11572 turns).

quinnr the Zephyrmancer (Tengu Air Elementalist)   Turns: 11572, Time: 00:21:25

Health: -12/60     AC:  5    Str:  8    XL:     10   Next: 77%
Magic:  2/20       EV: 17    Int: 21    God:    Vehumet [*.....]
Gold:   512        SH:  0    Dex: 14    Spells: 3/21 levels left

rFire   . . .        e - +0 dagger (venom)
rCold   . . .        (no shield)
rNeg    . . .        a - +0 robe
rPois   .            (helmet restricted)
rElec   .            (no cloak)
rCorr   .            h - +2 pair of gloves
SInv    .            (boots unavailable)
Will    .....        H - amulet of regeneration
Stlth   ++           z - ring of wizardry
HPRegen 1.10/turn    Z - ring of wizardry
MPRegen 0.17/turn

%: wizardry (x2)
@: flying quickly and evasively, slowed, very slow
A: beak, talons 3, nimble flight
a: Renounce Religion


You were on level 9 of the Dungeon.
You worshipped Vehumet.
Vehumet was aware of your devotion.
You visited 2 branches of the dungeon, and saw 11 of its levels.

You collected 536 gold pieces.
You spent 24 gold pieces at shops.


Innate Abilities, Weirdness & Mutations

You have a beak for a mouth.
You have claws for feet.
Your magical nature lets you fly swiftly and evasively.


   Skills:
 + Level 5.9 Fighting
 - Level 3.0 Staves
 + Level 5.8 Dodging
 - Level 2.0 Stealth
 - Level 4.0 Shields
 - Level 6.0 Spellcasting
 - Level 2.0 Conjurations
 - Level 5.0 Ice Magic
 - Level 11.0 Air Magic
 - Level 3.0 Poison Magic
 - Level 4.0 Evocations


You had 3 spell levels left.
You knew the following spells:

 Your Spells              Type           Power      Damage    Failure   Level
a - Airstrike             Air            25%        2d(4-20)  1%          4
f - Freezing Cloud        Conj/Ice/Air   15%        6-21      6%          5
i - Swiftness             Air            51%        N/A       1%          3
m - Mephitic Cloud        Conj/Pois/Air  28%        N/A       1%          3
t - Static Discharge      Conj/Air       66%        2-5/arc   1%          2
z - Shock                 Conj/Air       100%       1d9       1%          1

Your spell library contained the following spells:

 Spells                   Type           Power      Damage    Failure   Level
 Foxfire                  Conj/Fire      40%        2x1d6     1%          1
 Magic Dart               Conj           56%        1d5       1%          1
 Poisonous Vapours        Pois/Air       70%        N/A       1%          2
 Call Imp                 Summ           12%        N/A       4%          2
 Lesser Beckoning         Tloc           12%        N/A       4%          2
 Dazzling Flash           Conj/Hex       20%        N/A       5%          3
 Gell's Gravitas          Tloc           6%         N/A       8%          3
 Teleport Other           Tloc           6%         N/A       8%          3
 Volatile Blastmotes      Fire/Tloc      12%        2d11      8%          3
 Maxwell's Capacitive Co  Air            25%        ∞         83%         8
 Starburst                Conj/Fire      5%         6d4       90%         6

Inventory:

Hand Weapons
 e - a +0 dagger of venom (weapon)
 F - a +0 dagger of protection
Missiles
 A - a throwing net {=f}
Armour
 a - a +0 robe (worn)
 h - a +2 pair of gloves (worn)
 D - a +0 buckler
Magical Staves
 t - a staff of fire {!a}
Jewellery
 z - a ring of wizardry (left hand)
 H - an amulet of regeneration (around neck)
 P - a ring of poison resistance
 R - a ring of resist corrosion
 Z - a ring of wizardry (right hand)
Wands
 q - a wand of roots (22)
 s - a wand of digging (9)
 y - a wand of charming (12)
 C - a wand of light (12)
 E - a wand of flame (8)
Scrolls
 b - a scroll of enchant armour
 c - a scroll of immolation {unknown}
 d - a scroll of noise {unknown}
 f - a scroll of fog {unknown}
 i - 3 scrolls of enchant weapon {unknown}
 n - 7 scrolls of teleportation {@r2}
 v - a scroll of vulnerability {unknown}
 x - a scroll of brand weapon {unknown}
 G - a scroll of poison {unknown}
Potions
 g - a potion of resistance
 j - 2 potions of mutation
 k - 3 potions of enlightenment
 l - a potion of lignification
 m - 4 potions of curing {@q1}
 o - a potion of attraction
 p - 4 potions of haste {@q3}
 r - 3 potions of degeneration
 u - a potion of heal wounds {@q2}
 w - 2 potions of might
 B - a potion of invisibility

Dungeon Overview and Level Annotations

Branches:
Dungeon (10/15)            Temple (1/1) D:6
   Lair: D:8-11         Orc: D:9-12

Altars:
Ashenzari
Cheibriados
Dithmenos
Elyvilon
Fedhas
Gozag
Hepliaklqana
Kikubaaqudgha
Makhleb
Nemelex Xobeh
Okawaru
Qazlal
Ru
Sif Muna
Trog
Uskayaw
Vehumet
Wu Jian
Xom
Yredelemnul
Zin
The Shining One

Shops:
D:3 (!?:=   D:7 [   D:8 =

Annotations:
D:10 !unseen horror

##.##...# #......###.#...####
#.##...# #......###.........
#.##...# #......#........+▒▒
#.########......#........▒
#####..# #.......#........▒
#......######.......#........▒▒
#...........#.......#.).......▒
#...........##......#....####.▒
#.......[......@W...'.......#..▒
#.....#..)..##......###.....##.▒
#####.#.....######### #.........
## #......## #.....#... .#
#....#.### #.....# # .#
#....#...# #.....#
.#####....###.# #####.....#
..........# #.######.........#
.#####....# #.#..............#


You could see a freezing wraith.


Message History

* * * LOW HITPOINT WARNING * * *
The freezing wraith closely misses you.
The freezing wraith completely misses you.
The freezing wraith hits you!
* * * LOW HITPOINT WARNING * * *
The freezing wraith drains your vigour!
You feel as though you will be slow longer.
Unknown command.
Unknown command.
Unknown command.
Unknown command.
Aiming: Throw Flame
Press: ? - help, Shift-Dir - straight line, f/p - freezing wraith
Aim: a freezing wraith (heavily damaged, 71% to hit)
The puff of flame hits the freezing wraith!
The freezing wraith is burned terribly!
The freezing wraith is severely damaged.
The freezing wraith misses you.
The freezing wraith hits you but does no damage.
Unknown command.
Unknown command.
Aiming: Throw Flame
Press: ? - help, Shift-Dir - straight line, f/p - freezing wraith
Aim: a freezing wraith (severely damaged, 71% to hit)
The puff of flame hits the freezing wraith but does no damage.
The freezing wraith is severely damaged.
The freezing wraith hits you!
* * * LOW HITPOINT WARNING * * *
The freezing wraith freezes you!!
You die...

Skill      XL: |  1  2  3  4  5  6  7  8  9 10 |
---------------+-------------------------------+-----
Conjurations   | 2 |  2.0
Air Magic      | 5 6 9 11 | 11.0
Fighting       | 1 2 3 5 |  5.9
Spellcasting   | 3 4 5 6 |  6.0
Poison Magic   | 2 3 |  3.0
Staves         | 2 3 |  3.0
Evocations     | 1 4 |  4.0
Shields        | 3 4 |  4.0
Ice Magic      | 5 |  5.0
Dodging        | 3 5 |  5.8
Stealth        | |  2.0

Action                     |  1- 3 |  4- 6 |  7- 9 | 10-12 || total
---------------------------+-------+-------+-------+-------++-------
  Melee: Unarmed           |     2 |       |       |       ||     2
         Kick              |     1 |     5 |    25 |     3 ||    34
         Peck              |     1 |     3 |    14 |     6 ||    24
         Dagger            |       |     9 |    33 |    14 ||    56
         Staff             |       |       |     6 |       ||     6
         Punch             |       |       |     2 |       ||     2
   Cast: Shock             |    74 |   115 |   190 |     3 ||   382
         Static Discharge  |     3 |     2 |     4 |     7 ||    16
         Mephitic Cloud    |       |     5 |    16 |     5 ||    26
         Airstrike         |       |       |    19 |    32 ||    51
         Freezing Cloud    |       |       |     4 |     4 ||     8
         Swiftness         |       |       |     1 |     1 ||     2
  Evoke: Wand              |       |       |       |     3 ||     3
    Use: Potion            |       |     1 |       |     1 ||     2
         Scroll            |       |     3 |    11 |     1 ||    15
   Stab: Confused          |       |     3 |     7 |     2 ||    12
 Armour: Robe              |     4 |     1 |     3 |     6 ||    14
  Dodge: Dodged            |    17 |    11 |    26 |    24 ||    78

Levels and vault maps discovered:
D:1:      wander_arrival_estate, layout_basic
D:2:      layout_rooms, shapermc_ecumenical_altar_hornbeckon
D:3:      layout_rooms, grunt_temple_overflow_open, serial_shops, shop, shop,
          nicolae_square_shop, nicolae_shop_bloodbath_and_beyond,
          nicolae_shop_temple_entry_statues_fountains, uniq_terence,
          uniq_natasha, uniq_ijyb, uniq_robin, uniq_grinder
D:4:      layout_basic, gammafunk_temple_overflow_elements, st_stairs_13
D:5:      layout_rooms, gammafunk_temple_overflow_pools
D:6:      layout_basic, temple_statues
D:7:      layout_loops_cross, nicolae_stop_n_shop_2, hangedman_decor_push,
          nicolae_grassy_gnolls, uniq_duvessa
D:8:      layout_loops_corners, serial_shops, nicolae_shop_statue_plus
D:9:      minmay_the_grid_triangle_9x9_recursive_2_mashed
          [minmay_the_grid_triangle_9x9_prize_schism,
          minmay_the_grid_triangle_9x9_sprig,
          minmay_the_grid_triangle_9x9_sparse_checkered,
          minmay_the_grid_triangle_9x9_impossible_snake], layout_basic,
          uniq_grum
D:10:     layout_irregular_city, hellmonk_lair_entry_icy, lightli_wizard_tower
Temple:   hellmonk_temple_divided_pantheon

Notes
Turn   | Place    | Note
-------+----------+-------------------------------------------
     0 | D:1      | quinnr the Tengu Air Elementalist began the quest for the
                  | Orb.
     0 | D:1      | Reached XP level 1. HP: 10/10 MP: 4/4
   347 | D:1      | Reached skill level 2 in Conjurations
   347 | D:1      | Reached XP level 2. HP: 15/15 MP: 3/6
   609 | D:1      | Reached skill level 5 in Air Magic
   777 | D:1      | Reached XP level 3. HP: 19/19 MP: 5/7
  1531 | D:1      | Learned a level 2 spell: Static Discharge
  1661 | D:2      | Reached skill level 6 in Air Magic
  1770 | D:2      | Reached skill level 1 in Fighting
  1770 | D:2      | Reached XP level 4. HP: 21/25 MP: 3/8
  2172 | D:2      | Reached skill level 2 in Fighting
  2347 | D:2      | Learned a level 3 spell: Mephitic Cloud
  2495 | D:2      | Found a faded altar of an unknown god.
  2558 | D:3      | Noticed Natasha
  2589 | D:3      | Found Radits's Jewellery Boutique.
  2589 | D:3      | Found Laorghyph's Book Shoppe.
  2597 | D:3      | Noticed Ijyb
  2702 | D:3      | Found Ripn's Distillery.
  2712 | D:3      | Noticed Grinder
  2772 | D:3      | Gained mutation: Your magical nature lets you fly swiftly
                  | and evasively. [Tengu growth]
  2772 | D:3      | Reached XP level 5. HP: 30/30 MP: 4/9
  2956 | D:3      | HP: 3/30 [Grinder/nerve-wracking pain (13)]
  2957 | D:3      | Killed Grinder
  2958 | D:3      | Reached skill level 3 in Spellcasting
  2958 | D:3      | Reached skill level 2 in Poison Magic
  2958 | D:3      | Reached XP level 6. HP: 4/35 MP: 7/12
  3190 | D:3      | Noticed Terence
  3197 | D:3      | Noticed Robin
  3200 | D:3      | Killed Terence
  3201 | D:3      | Reached skill level 3 in Poison Magic
  3221 | D:3      | Killed Robin
  3222 | D:3      | Reached skill level 4 in Spellcasting
  3227 | D:3      | Learned a level 3 spell: Swiftness
  3418 | D:3      | Found a stormy altar of Qazlal.
  3421 | D:3      | Found an iron altar of Okawaru.
  3421 | D:3      | Found a blossoming altar of Fedhas.
  3421 | D:3      | Found a burning altar of Makhleb.
  3422 | D:3      | Found an opulent altar of Gozag.
  3444 | D:3      | Found Qolicrin's Magic Scroll Shoppe.
  3451 | D:3      | Killed Ijyb
  3522 | D:3      | Killed Natasha
  3581 | D:3      | Bought a scroll of identify for 24 gold pieces
  3602 | D:3      | Noticed Natasha
  3621 | D:3      | Killed Natasha
  3622 | D:3      | Reached XP level 7. HP: 40/40 MP: 9/14
  3659 | D:3      | Found Heptacli's Weapon Emporium.
  3762 | D:3      | Noticed Natasha
  3768 | D:3      | Killed Natasha
  3769 | D:3      | Reached skill level 7 in Air Magic
  3972 | D:3      | Found Radits's Jewellery Boutique.
  3988 | D:3      | Found Laorghyph's Book Shoppe.
  4032 | D:3      | Found Qolicrin's Magic Scroll Shoppe.
  4057 | D:3      | Found Ripn's Distillery.
  4074 | D:3      | Found Heptacli's Weapon Emporium.
  4153 | D:3      | Found a stormy altar of Qazlal.
  4155 | D:3      | Found an iron altar of Okawaru.
  4155 | D:3      | Found a blossoming altar of Fedhas.
  4155 | D:3      | Found a burning altar of Makhleb.
  4156 | D:3      | Found an opulent altar of Gozag.
  4261 | D:3      | Found Laorghyph's Book Shoppe.
  4270 | D:3      | Found Radits's Jewellery Boutique.
  4328 | D:3      | Found Qolicrin's Magic Scroll Shoppe.
  4349 | D:3      | Found Ripn's Distillery.
  4382 | D:3      | Found Heptacli's Weapon Emporium.
  4915 | D:4      | Found a snail-covered altar of Cheibriados.
  4915 | D:4      | Found a bloodstained altar of Trog.
  5172 | D:4      | Reached skill level 8 in Air Magic
  5648 | D:5      | Entered Level 5 of the Dungeon
  5900 | D:5      | Reached skill level 9 in Air Magic
  6006 | D:5      | Reached skill level 1 in Staves
  6006 | D:5      | Reached skill level 1 in Evocations
  6069 | D:5      | Reached skill level 2 in Staves
  6069 | D:5      | Reached XP level 8. HP: 44/44 MP: 5/15
  6078 | D:5      | Reached skill level 2 in Evocations
  6314 | D:5      | Found an ancient bone altar of Kikubaaqudgha.
  6315 | D:5      | Found a hide-covered altar of Uskayaw.
  6516 | D:6      | Reached skill level 3 in Staves
  6638 | D:6      | Reached skill level 3 in Evocations
  6912 | D:6      | Found a staircase to the Ecumenical Temple.
  6922 | D:6      | Reached skill level 4 in Evocations
  6941 | Temple   | Found a transporter.
  6941 | Temple   | Found a transporter.
  6941 | Temple   | Found a transporter.
  6941 | Temple   | Found a transporter.
  6941 | Temple   | Entered the Ecumenical Temple
  7035 | Temple   | Became a worshipper of Vehumet
  7384 | D:7      | Noticed Duvessa
  7384 | D:7      | Noticed Dowan
  7384 | D:7      | Found Qijeheag's Armour Boutique.
  7434 | D:7      | Killed Duvessa
  7435 | D:7      | Reached skill level 1 in Shields
  7439 | D:7      | Killed Dowan
  7568 | D:7      | Reached skill level 2 in Shields
  7568 | D:7      | Reached skill level 5 in Spellcasting
  7743 | D:7      | Learned a level 4 spell: Airstrike
  7752 | D:7      | Reached skill level 3 in Shields
  7752 | D:7      | Reached XP level 9. HP: 40/48 MP: 9/17
  7857 | D:7      | Reached skill level 4 in Shields
  8005 | D:7      | Identified a potion of resistance
  8086 | D:7      | Learned a level 5 spell: Freezing Cloud
  8099 | D:7      | Reached skill level 3 in Fighting
  8231 | D:7      | Reached skill level 1 in Ice Magic
  8643 | D:8      | Reached skill level 2 in Ice Magic
  8808 | D:8      | Noticed a gargoyle
  8812 | D:8      | Killed a gargoyle
  8813 | D:8      | Reached skill level 3 in Ice Magic
  8961 | D:8      | Reached skill level 4 in Ice Magic
  9153 | D:8      | Noticed a troll
  9160 | D:8      | Killed a troll
  9162 | D:8      | Reached skill level 5 in Ice Magic
  9290 | D:8      | Noticed a troll
  9296 | D:8      | Killed a troll
  9510 | D:8      | Reached skill level 6 in Spellcasting
  9617 | D:8      | Noticed a hornet
  9620 | D:8      | Killed a hornet
  9671 | D:8      | Found Beach's Jewellery Emporium.
  9989 | D:8      | Reached skill level 3 in Dodging
  9989 | D:8      | Reached XP level 10. HP: 56/56 MP: 9/20
  9991 | D:8      | Reached skill level 4 in Fighting
 10212 | D:9      | Noticed Grum
 10217 | D:9      | Reached skill level 4 in Dodging
 10351 | D:9      | Reached skill level 10 in Air Magic
 10697 | D:9      | Reached skill level 5 in Fighting
 10813 | D:9      | Reached skill level 5 in Dodging
 10931 | D:9      | Noticed a manticore
 10935 | D:9      | Killed a manticore
 10993 | D:9      | Identified the +2 halberd "Vyat" {freeze, Will+ rCorr Int-2
                  | Dex+4}
 10993 | D:9      | Noticed a centaur warrior
 11032 | D:10     | Entered Level 10 of the Dungeon
 11237 | D:9      | Killed Grum
 11245 | D:9      | Reached * piety under Vehumet
 11245 | D:9      | Offered knowledge of Foxfire by Vehumet.
 11468 | D:9      | Reached skill level 11 in Air Magic
 11572 | D:9      | Mangled by a freezing wraith

Vanquished Creatures
  A manticore (D:9)
  A gargoyle (D:8)
  A komodo dragon (D:9)
  An efreet (D:9)
  A troll (D:8)
  Grinder (D:3)
  A hornet (D:8)
  A wyvern (D:9)
  3 yaks (D:8)
  A vampire mosquito (D:9)
  Grum (D:9)
  2 steam dragons
  2 water moccasins
  Duvessa (D:7)
  An orc warrior (D:9)
  A sky beast (D:7)
  An ogre (D:5)
  3 wolves (D:9)
  A centaur (D:9)
  3 phantoms
  3 gnoll sergeants
  2 kobold brigands
  3 scorpions
  Dowan (D:7)
  3 howler monkeys (D:9)
  3 jellies
  An orc priest (D:5)
  3 hounds
  3 gnoll boudas
  3 iguanas
  A sleepcap (D:8)
  Ijyb (D:3)
  Natasha (thrice) (D:3)
  Terence (D:3)
  Robin (D:3)
  6 adders
  18 gnolls
  A shadow imp (D:6)
  2 white imps (D:6)
  3 worms
  3 dart slugs
  8 orcs
  9 ball pythons
  3 endoplasms
  3 giant cockroaches
  20 goblins
  13 hobgoblins
  10 jackals
  16 kobolds
  3 quokkas
  A bat (D:1)
  2 frilled lizards
  7 rats
188 creatures vanquished.

Vanquished Creatures (others)
  A troll (D:8)
1 creature vanquished.

Grand Total: 189 creatures vanquished

Table legend: (Time is in decaauts)
 A = Elapsed time spent in this place.
 B = Non-inter-level travel time spent in this place.
 C = Inter-level travel time spent in this place.
 D = Time resting spent in this place.
 E = Time spent auto-exploring this place.
 F = Levels seen in this place.
 G = Mean time per level.
                   A        B        C        D        E       F      G
               +--------+--------+--------+--------+--------+-----+--------+
         Total |  11122 |  10565 |    557 |   1152 |   7808 |  11 | 1011.1 |
       Dungeon |  11006 |  10449 |    557 |   1152 |   7734 |  10 | 1100.6 |
        Temple |    115 |    115 |      0 |      0 |     74 |   1 |  115.0 |
               +--------+--------+--------+--------+--------+-----+--------+

Top non-repeatable levels by time:
     D:3: 1538 daAuts
     D:1: 1530 daAuts
     D:2: 1345 daAuts
     D:8: 1300 daAuts
     D:7: 1262 daAuts
     D:4: 1136 daAuts
     D:9: 1005 daAuts
     D:6: 946 daAuts
     D:5: 591 daAuts
    D:10: 350 daAuts
  Temple: 115 daAuts

Table legend:
 A = Non-vault XP
 B = Vault XP
 C = Vault XP percentage of total XP
 D = Non-vault monster count
 E = Vault monster count
 F = Vault count percentage of total count
                 A         B        C        D         E       F
            +---------+---------+-------+---------+---------+-------
      Total |    5354 |    2855 |  34.8 |     152 |      37 |  19.6
            +---------+---------+-------+---------+---------+-------
        D:1 |      51 |       0 |   0.0 |      30 |       0 |   0.0
        D:2 |     111 |       0 |   0.0 |      24 |       0 |   0.0
        D:3 |     105 |     428 |  80.3 |      15 |      16 |  51.6
        D:4 |     158 |       4 |   2.5 |      20 |       2 |   9.1
        D:5 |     515 |       0 |   0.0 |      13 |       0 |   0.0
        D:6 |     472 |       0 |   0.0 |      15 |       0 |   0.0
        D:7 |     515 |     403 |  43.9 |       9 |       8 |  47.1
        D:8 |    2406 |       0 |   0.0 |      16 |       0 |   0.0
        D:9 |    1021 |    2020 |  66.4 |      10 |      11 |  52.4
            +---------+---------+-------+---------+---------+-------

Levels and vault maps discovered:
D:1:      wander_arrival_estate, layout_basic
D:2:      layout_rooms, shapermc_ecumenical_altar_hornbeckon
D:3:      layout_rooms, grunt_temple_overflow_open, serial_shops, shop, shop,
          nicolae_square_shop, nicolae_shop_bloodbath_and_beyond,
          nicolae_shop_temple_entry_statues_fountains, uniq_terence,
          uniq_natasha, uniq_ijyb, uniq_robin, uniq_grinder
D:4:      layout_basic, gammafunk_temple_overflow_elements, st_stairs_13
D:5:      layout_rooms, gammafunk_temple_overflow_pools
D:6:      layout_basic, temple_statues
D:7:      layout_loops_cross, nicolae_stop_n_shop_2, hangedman_decor_push,
          nicolae_grassy_gnolls, uniq_duvessa
D:8:      layout_loops_corners, serial_shops, nicolae_shop_statue_plus
D:9:      minmay_the_grid_triangle_9x9_recursive_2_mashed
          [minmay_the_grid_triangle_9x9_prize_schism,
          minmay_the_grid_triangle_9x9_sprig,
          minmay_the_grid_triangle_9x9_sparse_checkered,
          minmay_the_grid_triangle_9x9_impossible_snake], layout_basic,
          uniq_grum
D:10:     layout_irregular_city, hellmonk_lair_entry_icy, lightli_wizard_tower
Temple:   hellmonk_temple_divided_pantheon
